 Dungeon Sprint DCSS version 0.20-a0-1122-gb7cbeb9 (webtiles) character file.

11100000 Denreik the Envenomancer (level 27, -3/246 (249) HPs)
             Began as a Formicid Venom Mage on May 14, 2017.
             Was the Champion of Makhleb.
             Killed by divine providence
             ... invoked by an accursed
              (17 damage)
             ... in the Dungeon (Sprint VIII: "Arena of Blood").
             The game lasted 00:09:06 (111 turns).

Denreik the Envenomancer (Formicid Venom Mage)       Turns: 111, Time: 00:09:08

HP:   -3/246 (249)  AC:  4    Str: 20    XL:     27
MP:   30/54         EV: 33    Int: 16    God:    Makhleb [******]
Gold: 0             SH:  0    Dex: 16    Spells: 79/80 levels left

rFire    . . .     SeeInvis +   j - +∞ Axe of Woe
rCold    . . .     Gourm    .   (no shield)
rNeg     . . .     Faith    .   a - +0 robe
rPois    .         Spirit   .   (helmet unavailable)
rElec    .         Reflect  .   (no cloak)
rCorr    .         Harm     .   (no gloves)
MR       ++...                  (no boots)
Stlth    +++++++++.             (no amulet)
Regen    0.6/turn               u - +200 ring of slaying
MPRegen  0.4/turn               x - +250 ring of slaying

@: no status effects
A: permanent stasis, dig shafts and tunnels, four strong arms, antennae 3
a: Dig, Minor Destruction, Lesser Servant of Makhleb, Major Destruction, Greater
Servant of Makhleb, Renounce Religion


You were in the Dungeon.
You worshipped Makhleb.
Makhleb was exalted by your worship.
You were not hungry.

You visited 1 branch

Inventory:

Hand Weapons
 j - the +∞ Axe of Woe (weapon)
   (You found it in the Dungeon)
 k - a +9 battleaxe
 l - a +9 battleaxe
 m - a +9 battleaxe
 n - a +9 battleaxe
 o - a +9 war axe
 r - a +9 battleaxe
 s - a +9 battleaxe
 v - a +9 battleaxe
Armour
 a - a +0 robe (worn)
Jewellery
 p - a +30 ring of slaying
 q - a +30 ring of slaying
 t - a +200 ring of slaying
 u - a +200 ring of slaying (left hand)
 w - a +250 ring of slaying
 x - a +250 ring of slaying (right hand)
Scrolls
 i - a scroll of blinking
Potions
 d - a potion of curing
 e - a potion of heal wounds
 f - a potion of haste
 g - 2 potions of magic
 h - a potion of berserk rage
Books
 b - a Young Poisoner's Handbook

   Spells                             Type                      Level
   a - Sting                          Conjuration/Poison           1
   b - Poisonous Vapours              Poison/Air                   2
   c - Mephitic Cloud                 Conjuration/Poison/Air       3
   d - Olgreb's Toxic Radiance        Poison                       4
   e - Venom Bolt                     Conjuration/Poison           5
Comestibles
 c - a bread ration


   Skills:
 O Level 27 Fighting
 O Level 27 Axes
 O Level 27 Throwing
 O Level 27 Armour
 O Level 27 Dodging
 O Level 27 Stealth
 O Level 27 Unarmed Combat
 O Level 27 Spellcasting
 O Level 27 Conjurations
 O Level 27 Poison Magic
 O Level 27 Invocations


You had 79 spell levels left.
You knew the following spells:

 Your Spells              Type           Power        Failure   Level  Hunger
a - Sting                 Conj/Pois      ####         0%          1    None


Dungeon Overview and Level Annotations

Branches:
Dungeon (1/1)

Altars:
Makhleb

Annotations:
D The Servant


Innate Abilities, Weirdness & Mutations

You cannot be hasted, slowed, berserked, paralysed or teleported.
You can dig through walls and to a lower floor.
Your four strong arms can wield two-handed weapons with a shield.
You have a pair of large antennae on your head. (SInv)


Message History

2 orcs, a small abomination and a greater mummy come into view.
The bag of meat shouts!
You slice the tyrant like a ripe choko!!!!
You butcher the tyrant messily.
You destroy the tyrant!
Makhleb accepts your kill.
The large abomination disappears in a puff of smoke! x2
The observer pulsates ominously.
You hear a shout! x6
The accursed casts a spell at you. Something smites you!
* * * LOW HITPOINT WARNING * * *
The accursed points at you and mumbles some strange words.
Something smites you!
* * * LOW HITPOINT WARNING * * *
The tyrant gestures wildly while chanting.
You hear a shout!
The accursed gestures at you while chanting.
Something smites you!
You die...

.Mox......
.X.M.{.{{..
.Lo{{.%..{ o{
#.@.{..{# #..
#.o{..{.#
....###Go.{ ..###.
......%)x###......
#..G..§o@_)....M.
.......#§))).#....
.......#_)<)_# .
V......#.....# {
.#........_.....
.........###......
....###... ..###.
.... {#... .D#
{{#... ..#


You could see 3 accurseds, a tyrant, The Servant, an eight-headed meat hydra, 2
observers, a large abomination, a small abomination, 5 bags of meat and a
crawling corpse.

Vanquished Creatures
  4 hell beasts (D)
  A greater mummy (D)
  A great orb of eyes (D)
  4 wraiths (D)
  21 vampire knights (D)
  33 ogres (D)
  3 two-headed ogres (D)
  3 liches (D)
  49 orcs (D)
  3 phantoms (D)
  5 skeletal warriors (D)
  6 large abominations (D)
  8 small abominations (D)
  9 crawling corpses (D)
150 creatures vanquished.

Vanquished Creatures (others)
  An orc (D)
1 creature vanquished.

Grand Total: 151 creatures vanquished

Notes
Turn   | Place    | Note
-------+----------+-------------------------------------------
     0 | D        | Denreik the Formicid Venom Mage began the quest for the Orb.
     0 | D        | Reached XP level 1. HP: 13/13 MP: 3/3
     3 | D        | Noticed a bag of meat
     3 | D        | Noticed a meat berserker
     4 | D        | Became a worshipper of Makhleb the Destroyer
     5 | D        | Noticed a bag of meat
     5 | D        | Killed a meat berserker
     5 | D        | Reached skill level 27 in Poison Magic
     5 | D        | Reached XP level 2. HP: 19/19 MP: 3/19
     5 | D        | Reached XP level 3. HP: 24/24 MP: 3/20
     5 | D        | Reached XP level 4. HP: 30/30 MP: 3/22
     5 | D        | Reached XP level 5. HP: 35/35 MP: 3/23
     5 | D        | Reached XP level 6. HP: 41/41 MP: 3/25
     5 | D        | Reached XP level 7. HP: 46/46 MP: 3/26
     5 | D        | Reached XP level 8. HP: 52/52 MP: 3/28
     5 | D        | Reached XP level 9. HP: 57/57 MP: 3/29
     5 | D        | Reached XP level 10. HP: 63/63 MP: 3/30
     5 | D        | Reached XP level 11. HP: 68/68 MP: 3/31
     5 | D        | Reached XP level 12. HP: 74/74 MP: 3/32
     5 | D        | Reached XP level 13. HP: 79/79 MP: 3/33
     6 | D        | Noticed a bag of meat
     8 | D        | Noticed a bag of meat
     9 | D        | Noticed a bag of meat
    10 | D        | Noticed a meat berserker
    10 | D        | Killed a bag of meat
    10 | D        | Reached * piety under Makhleb
    10 | D        | Reached XP level 14. HP: 85/85 MP: 4/34
    10 | D        | Noticed a bag of meat
    11 | D        | Noticed a meat berserker
    11 | D        | Killed a meat berserker
    11 | D        | Reached skill level 27 in Stealth
    11 | D        | Reached XP level 15. HP: 32/90 MP: 4/35
    11 | D        | Reached XP level 16. HP: 34/96 MP: 4/36
    12 | D        | Reached ** piety under Makhleb
    13 | D        | Noticed a meat berserker
    13 | D        | Killed a meat berserker
    13 | D        | Reached skill level 27 in Axes
    13 | D        | Reached XP level 17. HP: 37/101 MP: 5/37
    13 | D        | Reached *** piety under Makhleb
    13 | D        | Reached XP level 18. HP: 39/107 MP: 5/38
    14 | D        | Noticed a meat berserker
    15 | D        | Reached skill level 27 in Dodging
    16 | D        | Killed a meat berserker
    16 | D        | Reached **** piety under Makhleb
    16 | D        | Reached XP level 19. HP: 172/172 MP: 6/39
    18 | D        | Killed a meat berserker
    18 | D        | Reached skill level 27 in Fighting
    20 | D        | Reached XP level 20. HP: 197/197 MP: 6/40
    22 | D        | Noticed a meat berserker
    22 | D        | Noticed a meat berserker
    26 | D        | Noticed a destroyer
    27 | D        | Noticed a destroyer
    27 | D        | Noticed a destroyer
    27 | D        | Killed a meat berserker
    27 | D        | Reached ***** piety under Makhleb
    27 | D        | Reached skill level 27 in Invocations
    28 | D        | Noticed a meat berserker
    29 | D        | Reached XP level 21. HP: 166/204 MP: 8/48
    29 | D        | Killed a meat berserker
    29 | D        | Reached skill level 27 in Spellcasting
    29 | D        | Reached skill level 10 in Throwing
    31 | D        | Noticed a destroyer
    31 | D        | Killed a meat berserker
    31 | D        | Reached XP level 22. HP: 212/212 MP: 9/53
    31 | D        | Killed a destroyer
    32 | D        | Noticed a destroyer
    32 | D        | Noticed a meat berserker
    32 | D        | Noticed a large bag of meat
    33 | D        | Noticed a destroyer
    34 | D        | Noticed a meat berserker
    35 | D        | Noticed a destroyer
    36 | D        | Killed a destroyer
    36 | D        | Reached ****** piety under Makhleb
    36 | D        | Reached skill level 27 in Armour
    36 | D        | Reached XP level 23. HP: 219/219 MP: 10/54
    36 | D        | Killed a destroyer
    36 | D        | Reached skill level 27 in Throwing
    38 | D        | Noticed a destroyer
    38 | D        | Reached XP level 24. HP: 227/227 MP: 11/54
    39 | D        | Killed a destroyer
    39 | D        | Reached skill level 27 in Conjurations
    41 | D        | Noticed a destroyer
    43 | D        | Noticed a large bag of meat
    43 | D        | Killed a destroyer
    43 | D        | Reached skill level 27 in Unarmed Combat
    43 | D        | Reached XP level 25. HP: 234/234 MP: 12/54
    44 | D        | Noticed a destroyer
    44 | D        | Killed a destroyer
    44 | D        | Reached XP level 26. HP: 242/242 MP: 12/54
    45 | D        | Killed a destroyer
    47 | D        | Noticed a tyrant
    48 | D        | Killed a destroyer
    48 | D        | Reached XP level 27. HP: 249/249 MP: 13/54
    52 | D        | Killed a large bag of meat
    53 | D        | Killed a destroyer
    53 | D        | Killed a tyrant
    54 | D        | Killed a large bag of meat
    56 | D        | Noticed an accursed
    56 | D        | Noticed a destroyer
    59 | D        | Noticed a destroyer
    60 | D        | Killed a destroyer
    62 | D        | Killed an accursed
    62 | D        | Killed a destroyer
    64 | D        | Noticed a meat beast
    65 | D        | Killed a destroyer
    66 | D        | Noticed a destroyer
    68 | D        | Noticed a meat beast
    68 | D        | Noticed a destroyer
    68 | D        | Killed a meat beast
    70 | D        | Noticed a dread
    70 | D        | Killed a dread
    71 | D        | Killed a destroyer
    72 | D        | Killed a destroyer
    73 | D        | Noticed a meat beast
    73 | D        | Noticed a dread
    74 | D        | Noticed a destroyer
    74 | D        | Killed a meat beast
    77 | D        | Noticed a destroyer
    78 | D        | Noticed a large bag of meat
    78 | D        | Killed a dread
    78 | D        | Killed a meat beast
    79 | D        | Noticed a destroyer
    80 | D        | Noticed a destroyer
    80 | D        | Noticed a dread
    80 | D        | Killed a destroyer
    84 | D        | Killed a destroyer
    86 | D        | Noticed a meat beast
    88 | D        | Noticed a destroyer
    88 | D        | Killed a large bag of meat
    89 | D        | Killed a destroyer
    89 | D        | Killed a destroyer
    89 | D        | Killed a dread
    91 | D        | Noticed a destroyer
    92 | D        | Noticed a destroyer
    92 | D        | Killed a meat beast
    96 | D        | Noticed a tyrant
    98 | D        | Noticed a dread
   101 | D        | Killed a destroyer
   101 | D        | Killed a destroyer
   101 | D        | Killed a destroyer
   104 | D        | Noticed a tyrant
   107 | D        | Noticed a tyrant
   107 | D        | Killed a tyrant
   107 | D        | Noticed The Servant
   109 | D        | Noticed an accursed
   109 | D        | Killed a dread
   110 | D        | Noticed an accursed
   111 | D        | Noticed an accursed
   111 | D        | Killed a tyrant
   111 | D        | Killed from afar by an accursed

Vault maps used:
D:        meatsprint

Skill      XL: |  1  2  3  4  5  6  7  8  9 10 11 12 13 14 15 16 17 18 19 20 21 22 23 24 |
---------------+-------------------------------------------------------------------------+-----
Axes           | 6 16 20 27 | 27.0
Dodging        | 12 20 22 27 | 27.0
Stealth        | 14 22 27 | 27.0
Spellcasting   | 16 23 27 | 27.0
Conjurations   | 3 25 27 | 27.0
Poison Magic   | 27 | 27.0
Fighting       | 21 27 | 27.0
Invocations    | 18 27 | 27.0
Throwing       | 17 26 27 | 27.0
Armour         | 18 27 | 27.0
Unarmed Combat | 27 | 27.0

Action                   |  1- 3 |  4- 6 |  7- 9 | 10-12 | 13-15 | 16-18 | 19-21 | 22-24 | 25-27 || total
-------------------------+-------+-------+-------+-------+-------+-------+-------+-------+-------++-------
Melee: Executioner's axe |     1 |       |       |       |     2 |     5 |     6 |     4 |    48 ||    66
Invok: Greater Servant o |       |       |       |       |       |       |       |       |     4 ||     4
       Major Destruction |       |       |       |       |       |       |       |       |     1 ||     1
Armor: Robe              |       |       |       |       |       |       |       |     1 |       ||     1
Dodge: Dodged            |       |       |       |       |       |     1 |       |     1 |    12 ||    14
